 Dungeon Crawl Stone Soup version 0.17.1-3-g152610e (webtiles) character file.

651 Heliophagus the Conjurer (level 7, 36/36 HPs)
             Began as a Gargoyle Fire Elementalist on Apr 13, 2016.
             Was an Initiate of Ru.
             Quit the game in the Ecumenical Temple.
             The game lasted 00:52:42 (6291 turns).

Heliophagus the Conjurer (GrFE)                     Turns: 6291, Time: 00:52:42

Health: 36/36      AC: 10    Str: 16    XL:     7   Next: 53%
Magic:  14/14      EV: 10    Int: 22    God:    Ru [......]
Gold:   282        SH:  0    Dex:  8    Spells: 1 memorised, 14 levels left

rFire  . . .     SeeInvis .     u - +2 short sword (flame)
rCold  . . .     Clarity  .     j - +0 ring mail
rNeg   + . .     SustAt   .     (no shield)
rPois  ∞         Gourm    .     (no helmet)
rElec  +         Spirit   .     (no cloak)
rCorr  .         Warding  .     m - +0 pair of gloves
rMut   .         Stasis   .     (no boots)
MR     .....                    (no amulet)
Stlth  +.........               t - +4 ring of intelligence
                                A - +5 ring of strength

@: not resistant to hostile enchantments, very unstealthy
A: clumsy 1, negative energy resistance 1, electricity resistance, unbreathing,
petrification resistance, rot immunity, AC +4
a: Renounce Religion


You were in the Ecumenical Temple.
You worshipped Ru.
Ru was noncommittal.
You were not hungry.

You visited 2 branches of the dungeon, and saw 5 of its levels.
You also visited: Sewer.

You collected 282 gold pieces.

Inventory:

Hand Weapons
 a - a +0 whip
 q - a +2 dagger of chaos
 u - a +2 short sword of flaming (weapon)
Armour
 j - a +0 ring mail (worn)
 m - a +0 pair of gloves (worn)
 w - the +0 robe of Pashut {+Blink}
   (You found it on level 4 of the Dungeon)

   It lets you blink.
Jewellery
 l - an uncursed ring of see invisible
 t - a +4 ring of intelligence (right hand)
 A - a +5 ring of strength (left hand)
Wands
 y - a wand of slowing (22)
Scrolls
 d - 5 scrolls of identify {unknown}
 e - a scroll of enchant armour {unknown}
 f - a scroll of immolation {unknown}
 i - 3 scrolls of fog {unknown}
 n - 3 scrolls of teleportation {unknown}
 o - 2 scrolls of blinking {unknown}
 p - a scroll of remove curse {unknown}
 s - a scroll of random uselessness {unknown}
 v - a scroll of amnesia {unknown}
 B - a scroll of enchant weapon {unknown}
Potions
 k - a potion of heal wounds
 r - a potion of curing {unknown}
 x - a potion of invisibility {unknown}
Books
 b - a book of Flames

   Spells                             Type                      Level
   a - Flame Tongue                   Conjuration/Fire             1
   b - Throw Flame                    Conjuration/Fire             2
   c - Conjure Flame                  Conjuration/Fire             3
   d - Inner Flame                    Hexes/Fire                   3
   e - Sticky Flame                   Conjuration/Fire             4
   f - Fireball                       Conjuration/Fire             5
Comestibles
 c - 4 bread rations
 g - 2 beef jerkies
 h - 3 meat rations


   Skills:
 - Level 1.5 Dodging
 - Level 2.1 Stealth
 + Level 4.9 Spellcasting
 - Level 5.1 Conjurations
 - Level 5.0 Fire Magic


You had 14 spell levels left.
You knew the following spells:

 Your Spells              Type           Power        Failure   Level  Hunger
a - Flame Tongue          Conj/Fire      ####.        2%          1    None


Dungeon Overview and Level Annotations

Branches:
Dungeon (4/15)             Temple (1/1) D:4

Altars:
Ashenzari
Cheibriados
Elyvilon
Fedhas
Kikubaaqudgha
Makhleb
Nemelex Xobeh
Okawaru
Qazlal
Ru
Sif Muna
Trog
Vehumet
Xom
Yredelemnul
Zin
The Shining One


Innate Abilities, Weirdness & Mutations

You are resistant to torment.
Your stone body is resilient (AC +4).
You are immune to poison.
You are clumsy. (Dex -2)
You resist negative energy.
You are resistant to electric shocks.
You can survive without breathing.
You are immune to petrification.
You are immune to rotting.


Message History

Press: ? - help, Shift-Dir - straight line, f/p - jelly
Aim: a jelly (severely wounded)
The flame tongue hits the jelly.
You kill the jelly!
There is a staircase to the Ecumenical Temple here.
You climb downwards.
Welcome to the Ecumenical Temple!
Found five altars.
There is a staircase back to the Dungeon here.
Found a snail-covered altar of Cheibriados.
Found a basalt altar of Yredelemnul.
Found an ancient bone altar of Kikubaaqudgha.
Found a bloodstained altar of Trog.
Your magical contamination has completely faded away.
Found a stormy altar of Qazlal and a white marble altar of Elyvilon.
All of the chunks of flesh in your inventory have rotted away.
Found a blossoming altar of Fedhas.
Found a glowing silver altar of Zin.
Quiver which item? (- for none, * to show all) (? for menu, Esc to quit)
Okay, then.
Are you sure you want to abandon this character and quit the game? (Confirm with "yes".)

....._..........._.....##
........................##
..........._.............#
.........................##
....._..........._........#
..........................#
..........._..........._..#
..........................#
....._..........@_........#
.........................##
..........._.............#
........................##
....._..........._.....##
#.....................##
###........<........###
####...........####
#############


There were no monsters in sight!

Vanquished Creatures
  Purgy (Sewer)
  An ogre (D:4)
  A phantom (D:3)
  A giant frog (D:3)
  4 crimson imps
  A jelly (D:4)
  A worker ant (D:4)
  2 river rats (D:3)
  5 adders
  4 worms
  4 giant geckos
  An orc (D:4)
  2 ball pythons
  A giant cockroach (D:3)
  8 goblins
  10 hobgoblins
  2 quokkas (D:4)
  6 bats
  8 giant newts
  3 jackals
  15 kobolds
  17 rats
98 creatures vanquished.

Notes
Turn   | Place    | Note
--------------------------------------------------------------
     0 | D:1      | Heliophagus the Gargoyle Fire Elementalist began the quest for the Orb.
     0 | D:1      | Reached XP level 1. HP: 10/10 MP: 3/3
   265 | D:1      | Reached XP level 2. HP: 15/15 MP: 3/5
   905 | D:1      | Reached XP level 3. HP: 19/19 MP: 2/6
  1521 | D:2      | Found a radiant altar of Vehumet.
  2230 | D:2      | Reached XP level 4. HP: 24/24 MP: 5/8
  2746 | D:3      | Noticed a phantom
  2762 | D:3      | Killed a phantom
  2762 | D:3      | Reached skill level 4 in Fire Magic
  2762 | D:3      | Reached XP level 5. HP: 23/28 MP: 1/9
  2767 | D:3      | Noticed a giant frog
  2779 | D:3      | Killed a giant frog
  3034 | D:3      | Found a sacrificial altar of Ru.
  3038 | D:3      | Found a sparkling altar of Nemelex Xobeh.
  3043 | D:3      | Became a worshipper of Ru the Awakened
  3150 | D:3      | Found a glowing drain.
  3156 | D:3      | Reached XP level 6. HP: 24/32 MP: 6/11
  3168 | Sewer    | Entered a sewer
  3358 | Sewer    | Noticed Purgy
  3369 | Sewer    | Killed Purgy
  3931 | D:3      | Found a shimmering altar of Xom.
  5403 | D:3      | Reached skill level 5 in Fire Magic
  5403 | D:3      | Reached XP level 7. HP: 36/36 MP: 13/13
  5576 | D:4      | Got an ancient robe
  5596 | D:4      | Identified the +0 robe of Pashut {+Blink} (You found it on level 4 of the Dungeon)
  5660 | D:4      | Found a sparkling altar of Nemelex Xobeh.
  6001 | D:4      | Reached skill level 5 in Conjurations
  6054 | D:4      | Gained mutation: You are clumsy. (Dex -2) [Ru sacrifice]
  6210 | D:4      | Found a staircase to the Ecumenical Temple.
  6221 | Temple   | Entered the Ecumenical Temple
  6291 | Temple   | Quit the game

Action                   |  1- 3 |  4- 6 |  7- 9 || total
-------------------------+-------+-------+-------++-------
Melee: Short sword       |    31 |   460 |    38 ||   529
       Whip              |    24 |   106 |       ||   130
 Cast: Flame Tongue      |    75 |    74 |    23 ||   172
Invok: Sacrifice Purity  |       |       |     1 ||     1
Evoke: Wand              |       |       |     3 ||     3
  Use: Potion            |     2 |     2 |       ||     4
 Stab: Sleeping          |     3 |       |       ||     3
  Eat: Chunk             |     5 |     6 |     4 ||    15
       Bread ration      |       |     1 |       ||     1
